 Dungeon Crawl Stone Soup version 0.19.4-9-g45fd643 (webtiles) character file.

213610 raph the Minotaur Blade (level 18, -14/166 HPs)
             Began as a Minotaur Berserker on Feb 14, 2017.
             Was the Champion of Trog.
             Demolished by a spark wasp (17 damage)
             ... on level 4 of the Spider Nest on Feb 21, 2017.
             The game lasted 02:00:56 (38746 turns).

raph the Minotaur Blade (Minotaur Berserker)       Turns: 38746, Time: 02:00:57

Health: -14/166    AC:  1    Str: 28    XL:     18   Next: 27%
Magic:  24/24      EV: 19    Int:  4    God:    Trog [******]
Gold:   556        SH:  6    Dex: 19    Spells: 0 memorised, 17 levels left

rFire  . . .     SeeInvis +     a - +9 great sword (slice)
rCold  . . .     Gourm    .     O - +0 chain mail {rPois}
rNeg   . . .     Faith    .     (shield currently unavailable)
rPois  +         Spirit   .     K - +1 hat {SInv}
rElec  .         Reflect  +     t - +1 cloak {+Inv}
rCorr  .         Harm     .     D - +1 pair of gloves {Dex+3}
MR     +++..                    H - +0 pair of boots
Stlth  ..........               B - +6 amulet of reflection
                                V - +4 ring of strength
                                o - +3 ring of protection

@: exhausted, corroded, regenerating, slowed, studying Throwing, very slow
A: retaliatory headbutt, horns 2
a: Berserk, Trog's Hand, Brothers in Arms, Burn Spellbooks, Renounce Religion,
Evoke Invisibility
}: 1/15 runes: decaying


You were on level 4 of the Spider Nest.
You worshipped Trog.
Trog was exalted by your worship.
You were not hungry.

You visited 6 branches of the dungeon, and saw 32 of its levels.
You also visited: Ossuary and Ice Cave.

You collected 3292 gold pieces.
You spent 2736 gold pieces at shops.

Inventory:

Hand Weapons
 a - a +9 great sword of slicing (weapon)
 b - a +2 scimitar of flaming
 d - a +0 triple sword of holy wrath
 n - a +3 great sword
 u - a +1 great sword of holy wrath
 T - a +3 great sword of electrocution
Missiles
 v - 6 steel javelins
 E - 9 poisoned tomahawks
 Z - 7 javelins of penetration (quivered)
Armour
 t - a +1 cloak of invisibility (worn)
 D - a +1 pair of gloves of dexterity (worn)
 H - a +0 pair of boots (worn)
 K - a +1 hat of see invisible (worn)
 O - a +0 chain mail of poison resistance (worn)
 U - +0 fire dragon scales
Rods
 x - a +0 rod of ignition (14/14)
   (You found it on level 2 of the Swamp)
Jewellery
 o - a +3 ring of protection (left hand)
 q - a +2 ring of dexterity
 B - a +6 amulet of reflection (around neck)
 V - a +4 ring of strength (right hand)
Wands
 w - a wand of iceblast (5/15)
 C - a wand of polymorph (13/24)
 I - a wand of teleportation (5/9)
 J - a wand of lightning (8/15)
 L - a wand of acid (7/15)
 P - a wand of digging (6/24)
 X - a wand of paralysis (14/24)
Scrolls
 e - 9 scrolls of remove curse
 k - 11 scrolls of identify
 m - a scroll of enchant weapon
 y - 4 scrolls of recharging
 M - 10 scrolls of teleportation
 R - 2 scrolls of blinking
 S - a scroll of magic mapping
Potions
 f - 7 potions of agility
 g - a potion of ambrosia
 h - 3 potions of might
 i - 11 potions of curing
 l - 10 potions of heal wounds
 r - 5 potions of cure mutation
 z - 3 potions of cancellation
 G - 5 potions of flight
 Q - 4 potions of haste
 Y - a potion of resistance
Books
 s - a book of Misfortune

   Spells                             Type                      Level
   a - Confusing Touch                Hexes                        1
   b - Confuse                        Hexes                        3
   c - Gell's Gravitas                Hexes/Translocation          3
   d - Petrify                        Transmutation/Earth          4
   e - Metabolic Englaciation         Hexes/Ice                    5
   f - Yara's Violent Unravelling     Hexes/Transmutation          5
   Trog disapproves of the use of such an item.
 A - a manual of Throwing
 W - a book of Necromancy

   Spells                             Type                      Level
   a - Pain                           Necromancy                   1
   b - Animate Skeleton               Necromancy                   1
   c - Vampiric Draining              Necromancy                   3
   d - Regeneration                   Charms/Necromancy            3
   e - Animate Dead                   Necromancy                   4
   f - Control Undead                 Necromancy                   4
   Trog disapproves of the use of such an item.
Miscellaneous
 j - a fan of gales
Comestibles
 c - 19 bread rations
 F - 4 meat rations


   Skills:
 + Level 15.8 Fighting
 + Level 21.9 Long Blades
 + Level 12.2 Throwing
 + Level 16.5 Armour
 + Level 14.1 Dodging
 + Level 10.6 Evocations


You had 17 spell levels left.
You didn't know any spells.

Dungeon Overview and Level Annotations

Branches:
Dungeon (15/15)            Temple (1/1) D:5            Lair (6/6) D:11
  Swamp (4/4) Lair:2       Spider (4/4) Lair:4        Slime (0/5) Lair:6
    Orc (2/2) D:9             Elf (0/3) Orc:2        Vaults (0/5) D:14
 Depths (0/5) D:15

Altars:
Ashenzari
Fedhas
Gozag
Kikubaaqudgha
Makhleb
Qazlal
Trog
Uskayaw
Zin
The Shining One

Shops:
D:4 !   D:14 =   D:15 (:[:   Orc:2 !:?:


Innate Abilities, Weirdness & Mutations

You reflexively headbutt those who attack you in melee.
You have a pair of horns on your head.


Message History

You hit the spark wasp. Your headbutt misses the spark wasp.
The spark wasp is lightly wounded.
The spark wasp stings you!
* * * LOW HITPOINT WARNING * * *
The spark wasp shocks you!
* * * LOW HITPOINT WARNING * * *
The entropy weaver mumbles some strange words.
The entropic weave corrodes you!
An emperor scorpion comes into view.
The spark wasp closely misses you.
You hit the spark wasp but do no damage.
You headbutt the spark wasp, but do no damage.
The spark wasp is lightly wounded.
The spark wasp stings you!
* * * LOW HITPOINT WARNING * * *
The spark wasp shocks you!
* * * LOW HITPOINT WARNING * * *
The entropy weaver gestures wildly while chanting.
The entropic weave corrodes you! The spark wasp stings you!
You die...

*,,,*,,,*##...##/..##.....##.....
,,,,,,,,.#....#.....###...#......
,,,,,,,,......'...#..#....##.#.#.
,,,,,,,,......'...#.#..#^.#......
,,,,,,,,......'.ss########.^..^..
,,,,,,,,.#....#yay# #^##.#..
*,,,*,,,*##.w^##s## ##.....^#
**,***,,s#....*#y# #......#.
*,,,*,,,....#**#@# #.#.#....
,,,,,,,,s..#*,,#.# ##..#....
,,,,,,,,,,**,,,#.# #....<#.#
,***,,,,,**,,,##.# ##.#....#
**,***,,,,,,,##..# ###...###.
,,,,,,,,,,,,##...# ####..#### ##
,,,,,,,*****#....####^##..#
******** ###......#.#.##.## ####
###########.#.......###.#.^###.^#


You could see an entropy weaver, a spark wasp, an orb spider, 2 hornets and 2
tarantellas.

Vanquished Creatures
  Nikola (Swamp:2)
  Arachne (Spider:3)
  Rupert (Lair:5)
  Frances (D:14)
  8 thorn hunters
  A ghost moth (Spider:4)
  2 emperor scorpions
  5 entropy weavers
  The ghost of North the Fighter, a journeyman FoAK of Lugonu (Orc:2)
  A spark wasp (Spider:3)
  Azrael (D:13)
  An ettin (Orc:2)
  A yaktaur captain (D:15)
  A fire dragon (Lair:6)
  3 ghost crabs
  Harold (Lair:2)
  22 hydras
  2 centaur warriors
  4 alligators
  2 dancing weapons (D:14)
  11 death yaks
  An ogre mage (D:15)
  The ghost of itsmu the Transmogrifier, a journeyman KoTm of Ru (D:10)
  4 orc high priests (Orc:2)
  Urug (D:14)
  A queen ant (Spider:3)
  8 spriggans
  An unseen horror (D:14)
  2 wizards
  2 spriggan druids
  11 swamp dragons
  7 shambling mangroves
  6 hill giants
  7 orc knights (Orc:2)
  26 wolf spiders
  7 ugly things
  2 deep elf magi
  2 manticores (D:12)
  21 orb spiders
  5 cyclopes
  2 oklob plants (Swamp:2)
  5 elephants (Lair:4)
  A moth of wrath (Spider:4)
  5 black mambas (Lair:6)
  Maurice (D:13)
  2 torpor snails
  The ghost of doot the Artisan of Death, a novice DENe of Kikubaaqudgha (D:6)
  2 ice statues (IceCv)
  A guardian serpent (Lair:6)
  The ghost of sveltemanboy the Transmogrifier, a novice VSTm of Ashenzari (D:7)
  2 gargoyles
  25 spiny frogs
  A rime drake (Lair:6)
  11 komodo dragons
  2 kobold demonologists
  2 efreet
  2 yaktaurs (D:15)
  6 ice devils (IceCv)
  10 demonic crawlers
  A queen bee (shapeshifter) (D:15)
  29 jumping spiders
  2 polar bears (Lair:4)
  A troll (shapeshifter) (D:15)
  3 trolls
  29 hornets
  4 two-headed ogres
  4 tyrant leeches
  Prince Ribbit (D:6)
  8 hippogriffs
  6 slime creatures (D:15)
  10 dream sheep (Lair:4)
  12 bog bodies
  36 blink frogs
  2 shadows (D:15)
  A wraith (D:13)
  38 yaks
  24 tarantellas
  70 redbacks
  10 wyverns
  A fire elemental (D:12)
  2 basilisks
  2 hungry ghosts
  23 vampire mosquitoes
  7 steam dragons
  Menkaure (D:7)
  2 mottled dragons
  16 swamp worms
  A warg (Orc:1)
  15 soldier ants (Spider:3)
  11 water moccasins
  10 insubstantial wisps (Swamp:3)
  The ghost of Doomer the Digger, an amateur DEEE of Vehumet (D:3)
  5 porcupines
  5 hell hounds
  11 ice beasts
  34 orc warriors
  Purgy (D:4)
  13 swamp drakes
  3 black bears
  A meliai simulacrum (D:15)
  2 eyes of draining
  A necrophage (D:7)
  A phantom (D:9)
  3 centaurs
  17 ogres
  10 wolves
  17 crocodiles
  An elf zombie (D:8)
  18 bullfrogs
  2 wyvern zombies
  A water moccasin zombie (Ossuary)
  A scorpion (D:9)
  5 killer bees (D:13)
  19 wights
  3 electric eels
  6 howler monkeys
  4 crimson imps
  4 bullfrog zombies
  A quasit (D:8)
  7 centaur zombies
  6 jellies
  5 hounds
  Crazy Yiuf (D:4)
  29 orc priests
  22 orc wizards
  5 bullfrog skeletons
  4 centaur skeletons
  8 iguanas
  A human skeleton (D:8)
  37 worker ants
  A killer bee zombie (Ossuary)
  4 hound zombies
  A hound skeleton (D:4)
  12 mummies (Ossuary)
  3 howler monkey zombies (Ossuary)
  3 worker ant zombies
  20 adders
  3 gnolls
  A river rat (Lair:6)
  2 shadow imps
  7 white imps
  9 ufetubi (IceCv)
  3 adder zombies (Ossuary)
  An adder skeleton (D:5)
  5 worms
  A dart slug (D:1)
  4 leopard geckos
  76 orcs
  3 ball pythons
  8 bats
  9 giant cockroaches
  6 goblins
  4 hobgoblins
  6 jackals
  9 quokkas
  12 frilled lizards
  A giant cockroach zombie (Ossuary)
  2 goblin skeletons (D:4)
  2 hobgoblin zombies (D:4)
  14 kobolds
  A kobold zombie (D:4)
  2 orc skeletons
  9 orc zombies
  2 quokka skeletons
  A quokka zombie (Ossuary)
  5 rats
  7 briar patches
  A bush (Lair:6)
  A butterfly (Lair:5)
  A fungus (Swamp:2)
1227 creatures vanquished.

Vanquished Creatures (collateral kills)
  A reaper (IceCv)
  4 death yaks
  An orc high priest (Orc:2)
  An orc knight (Orc:1)
  2 wolf spiders (Spider:4)
  An orb spider (Spider:3)
  A cyclops (Orc:1)
  A komodo dragon (Lair:4)
  3 ice devils (IceCv)
  5 jumping spiders
  2 hornets
  2 dream sheep (Lair:4)
  A hippogriff (Lair:4)
  A redback (Spider:4)
  3 orc warriors (Orc:1)
  2 orc priests (Orc:2)
  An orc (Orc:1)
32 creatures vanquished.

Vanquished Creatures (others)
  A wight (D:13)
  2 white imps (IceCv)
  3 ufetubi (IceCv)
  An orc (D:12)
  16 fungi
  25 plants
  A withered plant (Ossuary)
49 creatures vanquished.

Grand Total: 1308 creatures vanquished

Notes
Turn   | Place    | Note
-------+----------+-------------------------------------------
     0 | D:1      | raph the Minotaur Berserker began the quest for the Orb.
     0 | D:1      | Reached XP level 1. HP: 19/19 MP: 0/0
   393 | D:1      | Reached XP level 2. HP: 22/27 MP: 1/1
   491 | D:1      | Reached skill level 4 in Long Blades
   818 | D:2      | Reached XP level 3. HP: 33/33 MP: 2/2
  1061 | D:2      | Reached ** piety under Trog
  1368 | D:2      | Found a bloodstained altar of Trog.
  1425 | D:2      | Found a shattered altar of Ashenzari.
  1457 | D:2      | Reached XP level 4. HP: 38/40 MP: 3/3
  1490 | D:2      | Found a blossoming altar of Fedhas.
  1490 | D:2      | Found a burning altar of Makhleb.
  1752 | D:3      | Reached skill level 5 in Long Blades
  2119 | D:3      | Noticed Doomer's ghost (amateur DEEE)
  2127 | D:3      | Killed Doomer's ghost
  2127 | D:3      | Reached skill level 1 in Evocations
  2127 | D:3      | Reached XP level 5. HP: 47/47 MP: 4/4
  2487 | D:4      | Noticed Purgy
  2498 | D:4      | Killed Purgy
  2498 | D:4      | Reached skill level 5 in Fighting
  2498 | D:4      | Reached skill level 6 in Long Blades
  2498 | D:4      | Reached XP level 6. HP: 56/56 MP: 4/6
  2759 | D:4      | Found a runed door.
  2763 | D:4      | Noticed Crazy Yiuf
  2766 | D:4      | Killed Crazy Yiuf
  2830 | D:4      | Found a glowing golden altar of the Shining One.
  2832 | D:4      | Reached *** piety under Trog
  2974 | D:4      | Found Senax Wes's Distillery.
  2983 | D:4      | Bought a potion of heal wounds for 50 gold pieces
  2983 | D:4      | Bought a potion of curing for 30 gold pieces
  2983 | D:4      | Bought a potion of heal wounds for 50 gold pieces
  3247 | D:4      | Reached XP level 7. HP: 61/61 MP: 7/7
  3351 | D:5      | Entered Level 5 of the Dungeon
  3360 | D:5      | Received a gift from Trog
  3362 | D:5      | Reached skill level 7 in Long Blades
  3425 | D:5      | Found a stormy altar of Qazlal.
  3548 | D:5      | Found an opulent altar of Gozag.
  3731 | D:5      | Found a staircase to the Ecumenical Temple.
  3740 | Temple   | Entered the Ecumenical Temple
  3930 | D:6      | Noticed Prince Ribbit
  4004 | D:6      | Noticed doot's ghost (novice DENe)
  4020 | D:6      | Killed doot's ghost
  4020 | D:6      | Reached skill level 8 in Long Blades
  4020 | D:6      | Reached skill level 5 in Armour
  4020 | D:6      | Reached skill level 5 in Dodging
  4020 | D:6      | Reached XP level 8. HP: 71/71 MP: 7/9
  4304 | D:6      | Killed Prince Ribbit
  4641 | D:7      | Noticed sveltemanboy's ghost (novice VSTm)
  4643 | D:7      | Found an ancient bone altar of Kikubaaqudgha.
  4656 | D:7      | Killed sveltemanboy's ghost
  4656 | D:7      | Reached skill level 9 in Long Blades
  4656 | D:7      | Reached XP level 9. HP: 79/79 MP: 10/10
  4660 | D:7      | Reached **** piety under Trog
  4879 | D:7      | Found a glowing silver altar of Zin.
  5499 | D:7      | Noticed Menkaure
  5516 | D:7      | Killed Menkaure
  5516 | D:7      | Reached skill level 10 in Long Blades
  6008 | D:8      | Identified a scroll of acquirement
  6182 | D:8      | Found a sand-covered staircase.
  6189 | Ossuary  | Entered an ossuary
  6347 | Ossuary  | Reached XP level 10. HP: 85/88 MP: 12/12
  6505 | Ossuary  | Reached ***** piety under Trog
  6683 | D:8      | Received a gift from Trog
  7045 | D:9      | Reached skill level 11 in Long Blades
  7109 | D:9      | Reached skill level 5 in Evocations
  7349 | D:9      | Reached skill level 1 in Throwing
  7471 | D:9      | Noticed a hill giant
  7476 | D:9      | Killed a hill giant
  7572 | D:9      | Found a staircase to the Orcish Mines.
  7606 | D:9      | Noticed a hill giant
  7614 | D:9      | Killed a hill giant
  7614 | D:9      | Reached skill level 12 in Long Blades
  7679 | D:10     | Entered Level 10 of the Dungeon
  7730 | D:10     | Noticed itsmu's ghost (journeyman KoTm)
  7906 | D:10     | Received a gift from Trog
  7969 | D:10     | Reached XP level 11. HP: 65/95 MP: 14/14
  8718 | D:11     | Found a staircase to the Lair.
  8900 | D:11     | Noticed a brown ugly thing
  8912 | D:11     | Killed a brown ugly thing
  9437 | D:11     | Noticed a red ugly thing
  9454 | D:11     | Killed a red ugly thing
  9653 | Lair:1   | Entered Level 1 of the Lair of Beasts
  9668 | Lair:1   | Found a hide-covered altar of Uskayaw.
 10070 | Lair:1   | Got a smoking ring mail
 10081 | Lair:1   | Identified the +4 ring mail "Bolerch" {rN+} (You found it on level 1 of the Lair of Beasts)
 10158 | Lair:1   | Received a gift from Trog
 10583 | Lair:1   | Reached skill level 13 in Long Blades
 10874 | Lair:2   | Reached skill level 10 in Fighting
 10884 | Lair:2   | Received a gift from Trog
 10901 | Lair:2   | Found a staircase to the Swamp.
 10945 | Lair:2   | Noticed a death yak
 10946 | Lair:2   | Noticed a death yak
 10947 | Lair:2   | Noticed a death yak
 10947 | Lair:2   | Noticed a death yak
 10948 | Lair:2   | Noticed a death yak
 10958 | Lair:2   | Killed a death yak
 10961 | Lair:2   | Killed a death yak
 10962 | Lair:2   | Killed a death yak
 10962 | Lair:2   | Reached skill level 10 in Armour
 10962 | Lair:2   | Reached XP level 12. HP: 102/107 MP: 15/15
 10963 | Lair:2   | Killed a death yak
 10966 | Lair:2   | Killed a death yak
 10966 | Lair:2   | Reached skill level 14 in Long Blades
 11317 | Lair:2   | Found a frozen archway.
 11340 | IceCv    | Entered an ice cave
 11360 | IceCv    | Reached skill level 10 in Dodging
 11842 | IceCv    | Noticed a reaper
 11852 | IceCv    | Received a gift from Trog
 11855 | IceCv    | Killed a reaper
 11863 | IceCv    | Reached skill level 15 in Long Blades
 12392 | Lair:2   | Noticed Harold
 12407 | Lair:2   | Killed Harold
 13361 | Lair:3   | Reached XP level 13. HP: 99/117 MP: 16/16
 13721 | Lair:3   | Reached skill level 16 in Long Blades
 14441 | Lair:4   | Reached skill level 17 in Long Blades
 14448 | Lair:4   | Received a gift from Trog
 14456 | Lair:4   | Got a jewelled quick blade {god gift}
 14930 | Lair:4   | Found a hole to the Spider Nest.
 14946 | Lair:4   | Reached skill level 18 in Long Blades
 15457 | Lair:4   | Upgraded the game from 0.19.4-8-ga85b6b9 to 0.19.4-9-g45fd643
 15698 | Lair:5   | Noticed Rupert
 15710 | Lair:5   | Killed Rupert
 15713 | Lair:5   | Reached skill level 19 in Long Blades
 16146 | Lair:5   | Identified the +8 quick blade "Kafru" {pierce, +Inv Dex+4} (Trog gifted it to you on level 4 of the Lair of Beasts)
 16651 | Lair:6   | Entered Level 6 of the Lair of Beasts
 16659 | Lair:6   | Reached XP level 14. HP: 100/125 MP: 17/17
 16729 | Lair:6   | Found a staircase to the Slime Pits.
 18328 | D:10     | Killed itsmu's ghost
 18665 | Orc:1    | Entered Level 1 of the Orcish Mines
 18825 | Orc:2    | Entered Level 2 of the Orcish Mines
 18851 | Orc:2    | Noticed North's ghost (journeyman FoAK)
 18878 | Orc:2    | Killed North's ghost
 19271 | Orc:2    | Found a staircase to the Elven Halls.
 20364 | Orc:2    | Reached skill level 20 in Long Blades
 20992 | Orc:2    | Received a gift from Trog
 21127 | Orc:2    | Found Tacsel's Book Boutique.
 21127 | Orc:2    | Found Taeklaq's Magic Scroll Boutique.
 21128 | Orc:2    | Found Wymat's Book Shop.
 21128 | Orc:2    | Found Vyehesim's Distillery.
 21138 | Orc:2    | Bought a potion of heal wounds for 80 gold pieces
 21139 | Orc:2    | Bought a scroll of acquirement for 728 gold pieces
 21142 | Orc:2    | Got a crude buckler
 21154 | Orc:2    | Identified the +1 buckler "Hero's Friend" {Int+3} (You acquired it on level 2 of the Orcish Mines)
 21169 | Orc:2    | Bought a manual of Throwing for 1104 gold pieces
 21172 | Orc:2    | Bought a scroll of enchant weapon for 105 gold pieces
 21172 | Orc:2    | Bought a scroll of enchant weapon for 105 gold pieces
 21225 | Orc:2    | Reached XP level 15. HP: 44/134 MP: 19/19
 21921 | D:12     | Got a spiked leather armour
 21932 | D:12     | Identified the +1 leather armour "Piakof" {rElec MR+ Regen+} (You found it on level 12 of the Dungeon)
 22472 | D:12     | Received a gift from Trog
 22652 | D:13     | Noticed Azrael
 22874 | D:13     | Noticed Maurice
 22881 | D:13     | Killed Maurice
 23036 | D:13     | Killed Azrael
 23217 | D:13     | Reached skill level 5 in Throwing
 24437 | D:14     | Noticed Urug
 24459 | D:14     | Killed Urug
 24620 | D:14     | Found a gate to the Vaults.
 24622 | D:14     | Noticed Frances
 24638 | D:14     | Killed Frances
 24852 | D:14     | Found Pousiate's Jewellery Shop.
 24860 | D:14     | Bought a +3 ring of protection for 357 gold pieces
 25043 | D:14     | Received a gift from Trog
 25106 | D:15     | Entered Level 15 of the Dungeon
 25385 | D:15     | Found Toreeplu's Book Emporium.
 25428 | D:15     | Found Ofruak's Book Boutique.
 25760 | D:15     | Found a staircase to the Depths.
 25829 | D:15     | Found an opulent altar of Gozag.
 25838 | D:15     | Found Wygrel's Antique Weapon Shop.
 26136 | D:15     | Found Imits's Armour Emporium.
 26313 | D:15     | Bought a +0 chain mail of poison resistance for 127 gold pieces
 26448 | Swamp:1  | Entered Level 1 of the Swamp
 26535 | Swamp:1  | Received a gift from Trog
 26951 | Swamp:1  | Reached XP level 16. HP: 125/145 MP: 21/21
 27647 | Swamp:2  | Noticed Nikola
 27668 | Swamp:2  | Killed Nikola
 28078 | Swamp:2  | Noticed a thorn hunter
 28086 | Swamp:2  | Noticed a thorn hunter
 28088 | Swamp:2  | Killed a thorn hunter
 28095 | Swamp:2  | Killed a thorn hunter
 28352 | Swamp:2  | Noticed a thorn hunter
 28358 | Swamp:2  | Killed a thorn hunter
 28398 | Swamp:2  | Noticed a thorn hunter
 28433 | Swamp:2  | Noticed a thorn hunter
 28442 | Swamp:2  | Killed a thorn hunter
 29126 | Swamp:2  | Identified a +0 rod of ignition (14/14) (You found it on level 2 of the Swamp)
 29279 | Swamp:3  | Received a gift from Trog
 29313 | Swamp:3  | Noticed a thorn hunter
 29327 | Swamp:3  | Killed a thorn hunter
 29562 | Swamp:3  | Reached ****** piety under Trog
 29574 | Swamp:3  | Received a gift from Trog
 29574 | Swamp:3  | Reached skill level 21 in Long Blades
 29854 | Swamp:3  | Killed a thorn hunter
 30382 | Swamp:4  | Entered Level 4 of the Swamp
 30744 | Swamp:4  | Noticed a thorn hunter
 30927 | Swamp:4  | Reached skill level 15 in Armour
 30982 | Swamp:4  | Killed a thorn hunter
 31022 | Swamp:4  | Noticed a thorn hunter
 31023 | Swamp:4  | Got a decaying rune of Zot
 31395 | Swamp:3  | Reached XP level 17. HP: 108/154 MP: 23/23
 31693 | Swamp:4  | Received a gift from Trog
 31697 | Swamp:4  | Got a transparent great sword {god gift}
 32059 | Swamp:4  | Identified the +6 great sword of Trog's Whim {vamp, *Drain rElec rPois rN+} (Trog gifted it to you on level 4 of the Swamp)
 32361 | Swamp:4  | Reached skill level 10 in Throwing
 33389 | Spider:1 | Entered Level 1 of the Spider Nest
 33899 | Spider:1 | Received a gift from Trog
 34548 | Spider:2 | Reached skill level 10 in Evocations
 34550 | Spider:2 | Reached skill level 15 in Fighting
 35663 | Spider:2 | Received a gift from Trog
 36567 | Spider:3 | Received a gift from Trog
 36728 | Spider:3 | Received a gift from Trog
 36879 | Spider:3 | Noticed Arachne
 36891 | Spider:3 | Killed Arachne
 37151 | Spider:3 | Reached XP level 18. HP: 162/163 MP: 24/24
 37167 | Spider:3 | Received a gift from Trog
 37683 | Spider:4 | Entered Level 4 of the Spider Nest
 38746 | Spider:4 | HP: 3/166 [spark wasp (13)]
 38746 | Spider:4 | Demolished by a spark wasp

Skill      XL: |  1  2  3  4  5  6  7  8  9 10 11 12 13 14 15 16 17 18 |
---------------+-------------------------------------------------------+-----
Long Blades    | 4 5 6 8 9 10 12 13 15 19 20 21 | 21.9
Fighting       | 4 5 6 7 8 10 11 12 13 14 15 | 15.8
Dodging        | 3 4 5 6 7 8 9 10 11 12 13 14 | 14.1
Armour         | 3 4 5 7 8 10 11 12 13 15 16 | 16.5
Evocations     | 1 3 4 5 6 7 8 9 10 | 10.6
Throwing       | 2 7 9 11 12 | 12.2

Action                   |  1- 3 |  4- 6 |  7- 9 | 10-12 | 13-15 | 16-18 || total
-------------------------+-------+-------+-------+-------+-------+-------++-------
Melee: Falchion          |    83 |   119 |   199 |   130 |       |       ||   531
       Headbutt          |    13 |    24 |    77 |   200 |   344 |   339 ||   997
       Long sword        |       |       |    51 |   149 |       |       ||   200
       Scimitar          |       |       |       |   203 |    18 |   114 ||   335
       Great sword       |       |       |       |   104 |   893 |   863 ||  1860
       Triple sword      |       |       |       |    15 |    80 |     5 ||   100
Throw: Javelin           |       |       |       |     5 |     1 |     2 ||     8
       Tomahawk          |       |       |       |       |    23 |    17 ||    40
Invok: Berserk           |     2 |     3 |     6 |    10 |    16 |    12 ||    49
       Trog's Hand       |       |       |       |     2 |     6 |     6 ||    14
       Brothers in Arms  |       |       |       |     2 |     6 |     3 ||    11
 Abil: Evoke Invisibilit |       |       |       |       |     2 |     3 ||     5
Evoke: Wand              |       |       |       |     1 |     9 |     2 ||    12
       Rod               |       |       |       |       |       |    12 ||    12
  Use: Scroll            |       |     6 |     7 |    12 |    15 |    13 ||    53
       Potion            |       |       |       |       |     2 |     6 ||     8
 Stab: Distracted        |       |       |       |     2 |       |     2 ||     4
       Invisible         |       |       |       |       |     7 |     2 ||     9
  Eat: Chunk             |     4 |     3 |    15 |    16 |    41 |    29 ||   108
       Meat ration       |       |     1 |     2 |     3 |     3 |     5 ||    14
       Beef jerky        |       |       |       |       |     3 |     3 ||     6
       Pizza             |       |       |       |       |     1 |       ||     1
       Fruit             |       |       |       |       |       |     6 ||     6
Armor: Animal skin       |     5 |       |       |       |       |       ||     5
       Scale mail        |    45 |    13 |       |       |       |       ||    58
       Chain mail        |       |    32 |       |    18 |    48 |   524 ||   622
       Ring mail         |       |     9 |    29 |     1 |       |       ||    39
       Plate armour      |       |       |    55 |   168 |   269 |       ||   492
       Fire dragon scale |       |       |       |       |       |     3 ||     3
Dodge: Dodged            |    60 |    70 |    99 |   225 |   540 |   944 ||  1938
Block: Other             |       |       |    52 |   121 |   214 |   298 ||   685
       Reflection        |       |       |     1 |     2 |     6 |     2 ||    11
       Rpst.: Falchion   |    15 |    16 |    25 |     9 |       |       ||    65
       Long sword        |       |       |     4 |    15 |       |       ||    19
       Scimitar          |       |       |       |    21 |     1 |    14 ||    36
       Great sword       |       |       |       |    15 |   114 |   138 ||   267
       Triple sword      |       |       |       |     5 |    21 |     2 ||    28
